 Dungeon Crawl Stone Soup version 0.32-a0-738-g1a05c61809 (webtiles) character file.

Game seed: 8472777110781606565

17 Nvm9 the Trooper (level 2, -2/24 HPs)
             Began as a Demonspawn Fighter on Mar 17, 2024.
             Slain by an adder (3 damage)
             ... on level 2 of the Dungeon.
             The game lasted 00:00:39 (250 turns).

Nvm9 the Trooper (Demonspawn Fighter)                Turns: 250, Time: 00:00:39

Health: -2/24      AC:  6    Str: 16    XL:     2   Next: 44%
Magic:  2/2        EV: -2    Int:  8    God:
Gold:   14         SH:  4    Dex: 12    Spells: 1/1 levels left

rFire   . . .        a - +0 war axe
rCold   . . .        c - +0 buckler
rNeg    . . .        b - +0 scale mail
rPois   .            (no helmet)
rElec   .            (no cloak)
rCorr   .            (no gloves)
SInv    .            (no boots)
Will    .....        (no amulet) Stlth
                     (no ring)
HPRegen 0.24/turn    (no ring)
MPRegen 0.16/turn

%: no passive effects
@: lethally poisoned (-2 -> -4), constricted
A: magic regeneration
a: no special abilities


You were on level 2 of the Dungeon.
You visited 1 branch of the dungeon, and saw 2 of its levels.

You collected 14 gold pieces.

Inventory:

Hand Weapons
 a - a +0 war axe (weapon)
Missiles
 f - 5 boomerangs (quivered)
Armour
 b - a +0 scale mail (worn)
 c - a +0 buckler (worn)
Scrolls
 e - a scroll of fog {unknown}
Potions
 d - a potion of might


   Skills:
 * Level 3.2 Fighting
 * Level 2.0 Axes
 * Level 2.9 Armour
 * Level 2.9 Shields


You had one spell level left.
You didn't know any spells.
Your spell library was empty.

Dungeon Overview and Level Annotations

Branches:
Dungeon (1/15)

Altars:


Innate Abilities, Weirdness & Mutations

You regenerate magic rapidly.


Message History

A gnoll comes into view. It is wielding a +0 flail.
A gnoll comes into view. It is wielding a +0 spear.
You barely miss the gnoll.
The gnoll is lightly wounded.
The gnoll shouts! x2
The gnoll hits you with a +0 whip.
You barely miss the gnoll.
The gnoll is lightly wounded.
The gnoll closely misses you.
A quokka comes into view.
A ball python comes into view.
You closely miss the gnoll.
A bat comes into view.
The gnoll hits you but does no damage. The adder barely misses you.
The adder bites you.
You are poisoned.
The adder poisons you! The gnoll hits you with a +0 whip.
The gnoll hits you with a +0 spear.
You feel sick. The bat barely misses you.
The adder bites you but does no damage.
The gnoll hits you from afar with a +0 spear.
* * * LOW HITPOINT WARNING * * *
The gnoll barely misses you.
* * * LOW HITPOINT WARNING * * *
You feel sick. The bat hits you but does no damage.
The ball python barely misses you. x2; The gnoll attacks as it pursues you!
The gnoll closely misses you. The gnoll completely misses you.
The adder bites you.
* * * LOW HITPOINT WARNING * * *
The ball python bites you but does no damage.
The ball python grabs you. The ball python constricts you.
Unknown command.
Unknown command.
You closely miss the adder. You slash the bat!
You kill the bat!
You hit the ball python but do no damage.
You hit the gnoll.
* * * LOW HITPOINT WARNING * * *
You feel sick. The adder bites you.
You die...

#.....†......
##.....#...g.
####†## ...
##.# ... #g.#
#...
##.##.....
#.g...#
#gS#### #.@#
#S## ....
#...# #.#..
#.... .... #.
..


You could see 3 gnolls, an adder and a ball python.

Vanquished Creatures
  An adder (D:2)
  A giant cockroach (D:1)
  2 quokkas (D:1)
  2 ball pythons (D:1)
  2 bats
  A frilled lizard (D:2)
  A kobold (D:2)
  A rat (D:2)
11 creatures vanquished.

Notes
Turn   | Place    | Note
-------+----------+-------------------------------------------
     0 | D:1      | Nvm9 the Demonspawn Fighter began the quest for the Orb.
     0 | D:1      | Reached XP level 1. HP: 18/18 MP: 1/1
   220 | D:1      | You fall into a shaft and drop 1 floor!
   232 | D:2      | Gained mutation: You regenerate magic rapidly. [demonic
                  | ancestry]
   232 | D:2      | Reached XP level 2. HP: 24/24 MP: 2/2
   250 | D:2      | HP: 1/24 [poisoned by an adder]
   250 | D:2      | Slain by an adder

Illustrated notes

Levels and vault maps discovered:
D:1:      grunt_arrival_crossed_arrows, layout_loops_ring
D:2:      layout_rooms

Skill      XL: |  1  2 |
---------------+-------+-----
Axes           | 2 |  2.0
Fighting       | |  3.2
Armour         | |  2.9
Shields        | |  2.9

Action                     || total
---------------------------++-------
  Melee: War axe           ||    33
 Armour: Scale mail        ||    45
  Dodge: Dodged            ||    21
  Block: Buckler           ||    10

Table legend: (Time is in decaauts)
 A = Elapsed time spent in this place.
 B = Non-inter-level travel time spent in this place.
 C = Inter-level travel time spent in this place.
 D = Time resting spent in this place.
 E = Time spent auto-exploring this place.
 F = Levels seen in this place.
 G = Mean time per level.
                   A        B        C        D        E       F      G
               +--------+--------+--------+--------+--------+-----+--------+
         Total |    263 |    263 |      0 |      0 |    175 |   2 |  131.5 |
       Dungeon |    263 |    263 |      0 |      0 |    175 |   2 |  131.5 |
               +--------+--------+--------+--------+--------+-----+--------+

Top non-repeatable levels by time:
     D:1: 229 daAuts
     D:2: 34 daAuts
